 Dungeon Crawl Stone Soup version 0.22-a0-512-g0943f25 (webtiles) character file.

2353436 Ijustatesigmund the Bringer of Light (level 27, 103/273 HPs)
             Began as a Hill Orc Fighter on June 14, 2018.
             Was the Champion of the Shining One.
             Escaped with the Orb
             ... and 4 runes on June 18, 2018!
             The game lasted 04:51:41 (80426 turns).

Ijustatesigmund the Bringer of Light (HOFi)        Turns: 80426, Time: 04:51:42

Health: 103/273    AC: 43    Str: 26    XL:     27
Magic:  40/40      EV: 17    Int: 18    God:    the Shining One [******]
Gold:   8492       SH: 58    Dex: 18    Spells: 28/38 levels left

rFire    + + .     SeeInvis .   a - +9 broad axe (holy)
rCold    . . .     Gourm    .   y - +10 large shield of Ignorance {rN+ Int-4}
rNeg     + + +     Faith    .   P - +9 crystal plate armour of the Tired Suns {+Blink Str-5 Int+9}
rPois    .         Spirit   .   u - +2 hat {MR+}
rElec    .         Reflect  +   e - +2 cloak
rCorr    +         Harm     .   x - +3 pair of gauntlets of War {Slay+5}
MR       +++..                  F - +2 pair of boots
Stlth    ..........             G - +6 amulet of reflection
HPRegen  0.55/turn              c - ring "Umukiov" {+Fly rF++ rN+ Str+5}
MPRegen  0.27/turn              V - ring "Wiocirph" {rCorr Int+5}

@: divine shield, glowing
A: horns 1, deformed body, mutation resistance 1, screaming 2, strong 1, sturdy
frame 1
0: Orb of Zot
}: 4/15 runes: serpentine, barnacled, silver, golden
a: Divine Shield, Cleansing Flame, Summon Divine Warrior, Renounce Religion,
Evoke Blink, Evoke Flight


You escaped.
You worshipped the Shining One.
The Shining One was exalted by your worship.
You were completely stuffed.

You visited 12 branches of the dungeon, and saw 56 of its levels.
You visited the Abyss 1 time.
You visited 1 ziggurat, and saw 19 of its levels.
You also visited: Trove, Ice Cave, Wizlab and Desolation.

You collected 11760 gold pieces.
You spent 3268 gold pieces at shops.

Inventory:

Hand Weapons
 a - a +9 broad axe of holy wrath (weapon)
Missiles
 N - 73 javelins (quivered)
Armour
 e - a +2 cloak (worn)
 u - a +2 hat of magic resistance (worn)
 x - the +3 pair of gauntlets of War (worn) {Slay+5}
   (You found it on level 3 of the Elven Halls)

   It affects your accuracy and damage with ranged weapons and melee attacks
   (+5).
 y - the +10 large shield of Ignorance (worn) {rN+ Int-4}
   (You took it off Mennas on level 5 of the Depths)

   It affects your intelligence (-4).
   It protects you from negative energy.
 F - a +2 pair of boots (worn)
 P - the +9 crystal plate armour of the Tired Suns (worn) {+Blink Str-5 Int+9}
   (You found it in the Desolation of Salt)

   It affects your strength (-5).
   It affects your intelligence (+9).
   It lets you blink.
Jewellery
 c - the ring "Umukiov" (left hand) {+Fly rF++ rN+ Str+5}
   (You found it in the Desolation of Salt)

   [ring of flight]

   It affects your strength (+5).
   It greatly protects you from fire.
   It protects you from negative energy.
   It lets you fly.
 q - a ring of the Octopus King {rC+ AC+1 EV+1 Str+1 Int+1 Dex+1}
   (You found it on level 11 of a ziggurat)

   [ring of protection from cold]

   It affects your AC (+1).
   It affects your evasion (+1).
   It affects your strength (+1).
   It affects your intelligence (+1).
   It affects your dexterity (+1).
   It protects you from cold.
 G - a +6 amulet of reflection (around neck)
 J - a +4 ring of intelligence
 M - the ring of Nalaotiho {rF+ rC+ rN+ Int+4}
   (You took it off a frost giant on level 5 of the Vaults)

   [ring of protection from cold]

   It affects your intelligence (+4).
   It protects you from fire.
   It protects you from cold.
   It protects you from negative energy.
 V - the ring "Wiocirph" (right hand) {rCorr Int+5}
   (You found it in the Desolation of Salt)

   [ring of resist corrosion]

   It affects your intelligence (+5).
Wands
 g - a wand of paralysis (19)
 j - a wand of enslavement (25)
 k - a wand of polymorph (45)
 v - a wand of iceblast (39)
 z - a wand of scattershot (9)
 D - a wand of digging (16)
 Q - a wand of flame (73)
 W - a wand of disintegration (22)
 Y - a wand of acid (73)
Scrolls
 b - 20 scrolls of fog
 h - 11 scrolls of fear
 i - 16 scrolls of teleportation
 n - 37 scrolls of remove curse
 o - 5 scrolls of enchant armour
 w - 14 scrolls of amnesia
 A - 2 scrolls of magic mapping
 B - 3 scrolls of blinking
 C - 7 scrolls of immolation
 H - 3 scrolls of holy word
 I - 3 scrolls of summoning
 T - 9 scrolls of identify
 X - 10 scrolls of silence
 Z - a scroll of acquirement
Potions
 d - 3 potions of resistance
 l - 9 potions of brilliance
 m - a potion of haste
 p - 13 potions of flight
 r - 10 potions of curing
 s - 6 potions of heal wounds
 t - 10 potions of cancellation
 K - 3 potions of berserk rage
 L - 3 potions of magic
 O - 3 potions of might
 R - 6 potions of ambrosia
 U - 5 potions of agility
Miscellaneous
 E - 6 phantom mirrors
Comestibles
 f - 58 rations


   Skills:
 O Level 27 Fighting
 O Level 27 Axes
 + Level 15.1 Throwing
 - Level 20.4 Armour
 - Level 18.6 Dodging
 - Level 21.4 Shields
 - Level 6.0 Spellcasting
 + Level 17.1 Hexes
 - Level 12.3 Summonings
 - Level 14.4 Translocations
 O Level 27 Invocations
 - Level 10.3 Evocations


You had 28 spell levels left.
You knew the following spells:

 Your Spells              Type           Power        Failure   Level  Hunger
a - Apportation           Tloc           ######       1%          1    None
b - Blink                 Tloc           N/A          1%          2    None
c - Lesser Beckoning      Tloc           ######....   1%          3    ##.....
d - Summon Butterflies    Summ           #####...     1%          1    None
e - Portal Projectile     Hex/Tloc       ######       1%          3    ##.....

Your spell library contained the following spells:

 Spells                   Type           Power        Failure   Level  Hunger
 Cause Fear               Hex            ######....   1%          4    ####...
 Magic Dart               Conj           #...         85%         1    None
 Fireball                 Conj/Fire      #.........   100%        5    #####..
 Conjure Flame            Conj/Fire      #.......     99%         3    ##.....
 Bolt of Fire             Conj/Fire      #.........   100%        6    #######
 Bolt of Cold             Conj/Ice       #.........   100%        6    #######
 Lightning Bolt           Conj/Air       #.........   100%        5    #####..
 Bolt of Magma            Conj/Fire/Erth #.........   100%        5    #####..
 Slow                     Hex            ######..     1%          2    None
 Confuse                  Hex            ######..     1%          3    ##.....
 Invisibility             Hex            ######..     22%         6    #######
 Throw Flame              Conj/Fire      #.....       94%         2    None
 Throw Frost              Conj/Ice       #.....       94%         2    None
 Controlled Blink         Tloc           N/A          100%        8    #######
 Freezing Cloud           Conj/Ice/Air   #.........   100%        6    #######
 Mephitic Cloud           Conj/Pois/Air  #.......     99%         3    ##.....
 Ring of Flames           Chrm/Fire      #.........   100%        7    #######
 Venom Bolt               Conj/Pois      #.........   100%        5    #####..
 Olgreb's Toxic Radiance  Pois           #.......     100%        4    ####...
 Teleport Other           Tloc           ######..     1%          3    ##.....
 Death's Door             Chrm/Necr      #.........   100%        8    #######
 Summon Small Mammal      Summ           ####         1%          1    None
 Bolt of Draining         Conj/Necr      #.........   100%        5    #####..
 Iskenderun's Mystic Bla  Conj           #.......     100%        4    ####...
 Summon Horrible Things   Summ           #####.....   100%        8    #######
 Animate Dead             Necr           N/A          100%        4    ####...
 Pain                     Necr           #...         85%         1    None
 Animate Skeleton         Necr           N/A          85%         1    None
 Vampiric Draining        Necr           #.........   99%         3    ##.....
 Haunt                    Necr/Summ      ####......   100%        7    #######
 Borgnjor's Revivificati  Necr           #.........   100%        8    #######
 Freeze                   Ice            #...         85%         1    None
 Ozocubu's Refrigeration  Ice            #.........   100%        6    #######
 Sticky Flame             Conj/Fire      #.......     100%        4    ####...
 Summon Ice Beast         Ice/Summ       ####....     77%         4    ####...
 Ozocubu's Armour         Chrm/Ice       #.......     99%         3    ##.....
 Call Imp                 Summ           #####...     1%          2    None
 Dispel Undead            Necr           #.......     100%        5    #####..
 Regeneration             Chrm/Necr      #.........   99%         3    ##.....
 Sting                    Conj/Pois      #...         85%         1    None
 Sublimation of Blood     Necr           #.........   94%         2    None
 Tukima's Dance           Hex            ######..     1%          3    ##.....
 Summon Demon             Summ           #####.....   28%         5    #####..
 Summon Greater Demon     Summ           #####.....   100%        7    #######
 Corpse Rot               Necr           N/A          94%         2    None
 Iron Shot                Conj/Erth      #.........   100%        6    #######
 Stone Arrow              Conj/Erth      #.....       99%         3    ##.....
 Shock                    Conj/Air       #...         85%         1    None
 Swiftness                Chrm/Air       #.......     94%         2    None
 Recall                   Summ/Tloc      N/A          1%          3    ##.....
 Spider Form              Tmut/Pois      #.........   99%         3    ##.....
 Blade Hands              Tmut           #.........   100%        5    #####..
 Statue Form              Tmut/Erth      #........    100%        6    #######
 Ice Form                 Ice/Tmut       #.......     100%        4    ####...
 Dragon Form              Tmut           #.........   100%        7    #######
 Necromutation            Tmut/Necr      #.........   100%        8    #######
 Death Channel            Necr           #.........   100%        6    #######
 Deflect Missiles         Chrm/Air       #.........   100%        6    #######
 Throw Icicle             Conj/Ice       #.......     100%        4    ####...
 Airstrike                Air            #.........   100%        4    ####...
 Shadow Creatures         Summ           N/A          83%         6    #######
 Confusing Touch          Hex            ######       1%          1    None
 Flame Tongue             Conj/Fire      #....        85%         1    None
 Passwall                 Tmut/Erth      #.......     94%         2    None
 Ignite Poison            Fire/Tmut/Pois #.......     99%         3    ##.....
 Sticks to Snakes         Tmut           #.......     94%         2    None
 Call Canine Familiar     Summ           #####...     3%          3    ##.....
 Ensorcelled Hibernation  Hex/Ice        #####.       8%          2    None
 Metabolic Englaciation   Hex/Ice        #####.....   80%         5    #####..
 Silence                  Hex/Air        #####.....   80%         5    #####..
 Shatter                  Erth           #.........   100%        9    #######
 Dispersal                Tloc           ######....   54%         6    #######
 Static Discharge         Conj/Air       #.......     99%         3    ##.....
 Corona                   Hex            ######.      1%          1    None
 Alistair's Intoxication  Tmut/Pois      #.......     100%        5    #####..
 Lee's Rapid Deconstruct  Erth           #.........   100%        5    #####..
 Simulacrum               Ice/Necr       #.........   100%        6    #######
 Excruciating Wounds      Chrm/Necr      #.........   100%        5    #####..
 Monstrous Menagerie      Summ           #####.....   100%        7    #######
 Petrify                  Tmut/Erth      #.......     100%        4    ####...
 Passage of Golubria      Tloc           N/A          4%          4    ####...
 Orb of Destruction       Conj           #.........   100%        7    #######
 Malign Gateway           Summ/Tloc      ######....   99%         7    #######
 Tornado                  Air            #.........   100%        9    #######
 Leda's Liquefaction      Hex/Erth       #####.....   43%         4    ####...
 Summon Hydra             Summ           #####.....   100%        7    #######
 Darkness                 Hex            ######....   22%         6    #######
 Shroud of Golubria       Chrm/Tloc      ####......   13%         2    None
 Inner Flame              Hex/Fire       #####...     14%         3    ##.....
 Aura of Abjuration       Summ           #####.....   28%         5    #####..
 Beastly Appendage        Tmut           #.....       85%         1    None
 Disjunction              Tloc           ######....   100%        8    #######
 Iskenderun's Battlesphe  Conj/Chrm      #.......     100%        5    #####..
 Fulminant Prism          Conj/Hex       #####.....   43%         4    ####...
 Dazzling Spray           Conj/Hex       #####.       14%         3    ##.....
 Force Lance              Conj/Tloc      ####....     63%         4    ####...
 Infusion                 Chrm           #...         85%         1    None
 Song of Slaying          Chrm           #.......     94%         2    None
 Spectral Weapon          Hex/Chrm       #####...     14%         3    ##.....
 Searing Ray              Conj           #.....       94%         2    None
 Discord                  Hex            ######....   100%        8    #######
 Summon Forest            Summ/Tloc      ######....   19%         5    #####..
 Summon Lightning Spire   Summ/Air       ####....     77%         4    ####...
 Summon Guardian Golem    Hex/Summ       ######..     1%          3    ##.....
 Dragon's Call            Summ           #####.....   100%        9    #######
 Spellforged Servitor     Conj/Summ      ####......   100%        7    #######
 Summon Mana Viper        Hex/Summ       ######..     11%         5    #####..
 Hydra Form               Tmut           #.........   100%        6    #######
 Irradiate                Conj/Tmut      #.........   100%        5    #####..
 Gell's Gravitas          Tloc           ######....   1%          3    ##.....
 Yara's Violent Unravell  Hex/Tmut       #####.....   80%         5    #####..
 Infestation              Necr           #.........   100%        8    #######
 Poisonous Vapours        Pois/Air       #.....       94%         2    None
 Ignition                 Fire           #.........   100%        8    #######
 Borgnjor's Vile Clutch   Necr/Erth      #.........   100%        5    #####..


Dungeon Overview and Level Annotations

Branches:
Dungeon (15/15)            Temple (1/1) D:6            Lair (6/6) D:9
 Shoals (4/4) Lair:4        Snake (4/4) Lair:3        Slime (0/5) Lair:5
    Orc (2/2) D:11            Elf (3/3) Orc:2        Vaults (5/5) D:13
  Crypt (3/3) Vaults:2       Tomb (3/3) Crypt:3      Depths (5/5) D:15
    Zot (5/5) Depths:5

Altars:
Ashenzari
Cheibriados
Dithmenos
Elyvilon
Fedhas
Gozag
Hepliaklqana
Kikubaaqudgha
Makhleb
Nemelex Xobeh
Okawaru
Qazlal
Ru
Sif Muna
Trog
Uskayaw
Vehumet
Wu Jian
Xom
Yredelemnul
Zin
The Shining One
Beogh
Jiyva
Lugonu

Shops:
Orc:2 [?((   Elf:2 !   Shoals:4 !%%*   Depths:1 *!%%

Portals:
Hell: Depths:1 Depths:2 Depths:3 Depths:4 Depths:5
Abyss: Depths:3 Depths:4
Pandemonium: Depths:3
Ziggurat: Depths:3


Innate Abilities, Weirdness & Mutations

You have a pair of small horns on your head.
Armour fits poorly on your strangely shaped body.
You are somewhat resistant to further mutation.
You sometimes yell uncontrollably at your foes.
Your muscles are strong. (Str +2)
Your movements are slightly less encumbered by armour. (ER -2)


Message History

You headbutt the Brimstone Fiend!
The Brimstone Fiend is heavily wounded.
The Brimstone Fiend calls on the powers of darkness!
Your body is wracked with pain!
* * * LOW HITPOINT WARNING * * *
You slice the Brimstone Fiend!!
The Brimstone Fiend convulses!!
You kill the Brimstone Fiend!
The Shining One accepts your kill.
You feel better.
You yell at the efreet!
An efreet comes into view. It is wielding a scimitar of flaming.
You yell at the efreet!
The efreet gestures at you. The bolt of fire hits you!
The efreet gestures at you.
The fireball explodes!
The fireball engulfs you! You resist.
There is a staircase leading out of the dungeon here.
The efreet gestures at you. The bolt of fire misses you.
You have escaped!

##.#####.# #.# #.# #.#
#.# #.# #.# ####.#####.#
#..........# #####
#..........# ########...#
#..........# #.....##.8.#
..........## #..@..##...#
...........# #.....##...#
...........###.....##.≈.#
#...........##.....'..≈.#
...........###.....##.≈.#
#####.......##.....##.R.#
.#
#......###.....##...###
## #.....##
########.....#
#####.#.#.##### #####.#


You could see an efreet.

Vanquished Creatures
  3 orbs of fire (Zot:5)
  Khufu (Crypt:3)
  Mennas (Depths:5)
  8 ancient liches
  Boris (twice) (Depths:3 Tomb:2)
  14 greater mummies
  A shard shrike (Zig:12)
  Frederick (Depths:3)
  3 curse toes
  Bai Suzhen (Snake:2)
  14 Killer Klowns
  4 caustic shrikes
  12 golden dragons
  A bone dragon (Abyss:1)
  8 pandemonium lords
  3 profane servitors
  9 Tzitzimimeh
  3 electric golems
  23 tentacled monstrosities
  A Cloud Mage (WizLab)
  2 Brimstone Fiends
  29 Orb Guardians
  Jorgrun (Depths:2)
  2 hellephants (Zig:7)
  A Hell Sentinel (Zig:14)
  The ghost of Verendum the Sharpshooter, an adept FoGl of Okawaru (Shoals:2)
  A quicksilver dragon (shapeshifter) (Depths:4)
  11 liches
  7 titans
  5 quicksilver dragons
  A deep elf blademaster (Elf:3)
  2 deep elf master archers (Elf:3)
  7 ancient champions
  10 death cobs
  Polyphemus (Shoals:2)
  A tentacled starspawn (Abyss:1)
  5 Executioners
  2 acid blobs (Zig:5)
  A thorn hunter (Zig:16)
  13 sphinxes
  14 storm dragons
  An azure jelly (shapeshifter) (Zig:11)
  A shadow dragon (shapeshifter) (Zig:11)
  The ghost of Thaneod the Severer, an adept DsBe of Trog (Depths:1)
  A fire giant (shapeshifter) (Depths:3)
  16 shadow dragons
  Roxanne (Elf:1)
  9 fire giants
  22 nagarajas
  4 revenants
  8 draconian monks
  8 tengu reavers
  An iron dragon (Depths:4)
  9 frost giants
  9 vault wardens
  An imperial myrmidon (Desolation)
  An emperor scorpion (Zig:16)
  3 warmongers
  A caustic shrike zombie (Zig:13)
  Louise (D:14)
  3 curse skulls
  2 orc warlords
  A ghost moth (Zot:5)
  7 black suns
  9 draconian scorchers
  10 draconian knights
  6 deep elf sorcerers
  11 draconian shifters
  7 deep elf elementalists
  An angel (Depths:3)
  5 cacodemons
  3 balrugs
  7 draconian stormcallers
  13 ironheart preservers
  3 ghouls
  3 blood saints
  4 spriggan defenders
  An entropy weaver (Zig:16)
  11 draconian annihilators
  3 juggernaut zombies (Zig:13)
  3 reapers
  7 war gargoyles
  11 very ugly things
  17 stone giants
  14 vampire knights
  14 bennus
  10 green draconians
  7 deep elf demonologists
  9 purple draconians
  The ghost of ThereIsNoGod the Fighter, a journeyman GnWn of Ashenzari (D:12)
  15 red draconians
  A dire elephant (Zig:3)
  3 corrupters
  3 halazid warlocks (Desolation)
  12 black draconians
  10 deep elf annihilators
  4 spark wasps
  4 merfolk javelineers
  7 eidola
  8 deep elf death magi
  4 crystal guardians
  11 white draconians
  10 yellow draconians
  30 mummy priests
  10 jiangshi
  7 blizzard demons
  23 ettins
  16 fire dragons
  8 merfolk impalers
  13 deep elf high priests
  12 ogre magi
  13 great orbs of eyes
  10 yaktaur captains
  7 ragged hierophants (Desolation)
  A green death (Zig:14)
  13 ice dragons
  The ghost of Yarrr the Severer, a journeyman MiFi of Okawaru (Lair:1)
  27 vault guards
  13 naga warriors
  Harold (D:10)
  2 spectral shadow dragons
  Fannar (D:11)
  9 servants of whispers (Desolation)
  3 hell beasts
  9 peacekeepers (Desolation)
  The ghost of Zorot the Grappler, a journeyman VSMo of Cheibriados (Lair:3)
  A catoblepas (Shoals:2)
  7 spriggan air magi
  4 merfolk avatars
  7 rakshasas
  Erolcha (Orc:1)
  5 hydras
  An alligator snapping turtle (Zig:16)
  5 merfolk aquamancers
  5 centaur warriors
  34 dancing weapons
  4 death knights
  50 two-headed ogres
  5 death yaks
  13 deep troll shamans
  6 anacondas
  8 tengu warriors
  2 hell hogs (Depths:4)
  The ghost of Azzok the Warrior, a novice MiBe of Trog (D:7)
  39 death scarabs
  A queen ant (shapeshifter) (Depths:5)
  2 orc high priests (Orc:2)
  5 spriggan berserkers
  16 vampire magi
  12 deep troll earth magi
  Urug (Lair:2)
  14 naga sharpshooters
  Nergalle (Lair:2)
  14 shock serpents
  5 titan zombies
  5 large abominations
  6 small abominations
  18 deep elf knights
  7 soul eaters
  A titan skeleton (Abyss:1)
  6 sixfirhies
  10 shadow wraiths
  11 hell knights
  A spark wasp zombie (Depths:5)
  3 storm dragon skeletons
  A fire crab (WizLab)
  7 salamander mystics
  25 skeletal warriors
  2 iron trolls (Depths:3)
  2 swamp dragons (Zig:16)
  A spatial maelstrom (Abyss:1)
  A shadow demon (Zig:15)
  10 sea snakes
  A spriggan druid (Zig:7)
  14 flayed ghosts
  5 unseen horrors
  A ghost moth zombie (Crypt:2)
  A golden dragon zombie (Zig:13)
  An unseen horror (shapeshifter) (Depths:5)
  3 death drakes (WizLab)
  3 wizards
  8 deep elf archers
  4 glowing orange brains
  A harpy (shapeshifter) (D:15)
  An orange crystal statue (Zig:15)
  15 phantasmal warriors
  An infernal demonspawn (Zig:15)
  69 deep elf magi
  18 naga ritualists
  14 ironbrand convokers
  32 deep trolls
  10 orc knights
  A tengu zombie (Zig:13)
  18 mana vipers
  14 harpies
  An anaconda skeleton (Tomb:1)
  2 golden dragon skeletons
  7 necromancers
  A shadow dragon zombie (Zig:12)
  3 orc sorcerers
  4 oklob plants (Zig:7)
  13 fauns
  A shadow dragon skeleton (Tomb:3)
  2 mana vipers (shapeshifter) (Vaults:5)
  An orb spider (shapeshifter) (Depths:3)
  55 ugly things
  10 salamanders
  An iron dragon zombie (Tomb:1)
  5 wolf spiders
  A stone giant zombie (D:14)
  10 manticores
  A shining eye (Zig:5)
  A cyclops (shapeshifter) (D:15)
  2 spectral spriggans
  8 rust devils
  A tengu skeleton (Zig:12)
  11 elephants
  A salamander (shapeshifter) (Elf:2)
  22 cyclopes
  An iron dragon skeleton (Crypt:3)
  14 moths of wrath
  55 black mambas
  5 merfolk sirens
  13 guardian serpents
  4 apocalypse crabs
  A water nymph (shapeshifter) (Vaults:5)
  6 centaur zombies
  A shock serpent zombie (Crypt:3)
  A spriggan zombie (Zig:8)
  A black mamba (shapeshifter) (Vaults:3)
  An eye of devastation (Zig:5)
  8 smoke demons
  8 vault sentinels
  Maurice (D:11)
  A torpor snail (Zig:7)
  3 water nymphs (Shoals:4)
  2 frost giant skeletons
  26 naga magi
  An eye of devastation (shapeshifter) (Zig:11)
  3 orange demons
  2 ice statues
  A pale draconian zombie (Crypt:1)
  25 spiny frogs
  4 centaur skeletons
  A spriggan skeleton (Zig:12)
  5 gargoyles
  6 hellions
  8 rime drakes
  2 white draconian zombies
  A demonic crawler (Zig:16)
  A redback zombie (Crypt:2)
  An efreet (Abyss:1)
  14 freezing wraiths
  11 komodo dragons
  27 yaktaurs
  11 starcursed masses (Abyss:1)
  6 red devils
  A tengu conjurer (D:15)
  2 anaconda simulacra (IceCv)
  A golden dragon simulacrum (Tomb:1)
  A minotaur skeleton (Crypt:2)
  2 tormentors (Zig:13)
  50 guardian mummies
  7 ice devils
  2 jumping spiders (shapeshifter)
  A queen bee (D:14)
  A queen bee (shapeshifter) (Vaults:4)
  3 ancient zymes (Abyss:1)
  4 hellwings
  10 trolls
  16 merfolk
  2 meliai (D:14)
  A tyrant leech (Zig:16)
  3 polar bears (Lair:6)
  4 polar bears (shapeshifter)
  2 merfolk (shapeshifter)
  A tengu simulacrum (Vaults:2)
  15 hornets
  6 raiju (Abyss:1)
  A bog body (Crypt:2)
  39 slime creatures
  6 snapping turtles
  A harpy skeleton (Vaults:1)
  5 wind drakes
  71 saltlings (Desolation)
  14 blink frogs
  A frost giant simulacrum (Vaults:2)
  10 hippogriffs
  19 air elementals
  9 dream sheep
  17 flying skulls
  An ice dragon skeleton (Crypt:3)
  A redback (Zig:16)
  An ettin zombie (Crypt:3)
  3 vampires (Crypt:3)
  4 ynoxinuls
  5 shadows
  9 spriggans
  7 wyverns
  A tarantella (Zig:16)
  A fire dragon skeleton (Crypt:3)
  9 wraiths
  Sigmund (D:4)
  7 water elementals
  10 ushabtiu
  2 basilisks
  A hog (shapeshifter) (Depths:5)
  6 fire elementals
  A human (D:11)
  A human simulacrum (Vaults:4)
  43 yaks
  3 neqoxecs
  A black mamba skeleton (Crypt:3)
  A wind drake skeleton (Crypt:2)
  2 hungry ghosts
  2 vampire mosquitoes (D:11)
  6 harpy simulacra (IceCv)
  68 nagas
  3 hydra simulacra (IceCv)
  An insubstantial wisp (Zig:1)
  2 iron troll simulacra (IceCv)
  2 spatial vortices (Abyss:1)
  3 chaos spawn
  13 hell hounds
  11 wargs
  An acid dragon (Vaults:2)
  A spiny frog zombie (Crypt:3)
  15 water moccasins
  An ogre skeleton (Vaults:1)
  A two-headed ogre zombie (Crypt:1)
  A floating eye (Depths:4)
  13 porcupines
  3 floating eyes (shapeshifter)
  2 alligator simulacra (IceCv)
  4 ice beasts
  50 orc warriors
  3 black bears
  2 ettin simulacra (IceCv)
  3 phantoms
  3 sky beasts
  A black bear (shapeshifter) (Depths:3)
  6 elf zombies
  An eye of draining (Zig:5)
  41 ogres
  A tengu (shapeshifter) (Depths:5)
  9 wolves
  7 necrophages
  12 centaurs
  A snapping turtle skeleton (Crypt:3)
  11 boggarts
  A human skeleton (Vaults:1)
  10 crocodiles
  3 big kobolds
  A komodo dragon zombie (Crypt:1)
  A rime drake skeleton (Crypt:2)
  A bullfrog (shapeshifter) (Depths:5)
  16 bullfrogs
  A gnoll sergeant (D:10)
  8 earth elementals
  A komodo dragon skeleton (Crypt:2)
  A water moccasin skeleton (D:7)
  A scorpion (Lair:2)
  23 killer bees
  An elephant simulacrum (IceCv)
  13 wights
  An electric eel (Elf:3)
  4 howler monkeys
  A howler monkey (shapeshifter) (Vaults:5)
  8 crimson imps
  3 draconian simulacra (IceCv)
  5 jellies
  A quasit (D:9)
  A bullfrog zombie (D:10)
  A soldier ant zombie (Crypt:1)
  7 hounds
  31 orc priests
  5 iron imps
  28 orc wizards
  A bullfrog skeleton (D:12)
  3 iguanas
  A lightning spire (Zig:12)
  A polar bear simulacrum (IceCv)
  2 troll simulacra (IceCv)
  11 worker ants
  4 spriggan simulacra (IceCv)
  A killer bee zombie (D:7)
  A wolf simulacrum (IceCv)
  A centaur simulacrum (IceCv)
  2 hound skeletons
  47 mummies
  2 worker ant zombies
  Robin (D:2)
  13 adders
  A gnoll (shapeshifter) (Vaults:2)
  7 gnolls
  A howler monkey skeleton (D:4)
  3 ogre simulacra (IceCv)
  3 naga simulacra (IceCv)
  6 shadow imps
  7 white imps
  5 ufetubi
  An ooze (D:3)
  An adder zombie (D:5)
  An iguana skeleton (Crypt:1)
  3 worms
  3 dart slugs
  8 leopard geckos
  120 orcs
  5 bats
  2 bat zombies (D:4)
  4 giant cockroaches
  9 goblins
  3 hobgoblins
  7 jackals
  5 quokkas
  2 ball pythons (D:4)
  A ball python skeleton (D:4)
  4 frilled lizards
  7 kobolds
  A kobold skeleton (Crypt:1)
  A leopard gecko skeleton (D:5)
  An orc skeleton (Crypt:3)
  A quokka skeleton (D:9)
  A quokka zombie (D:9)
  5 rats
  3 rat zombies (D:4)
  A river rat skeleton (Crypt:2)
  3 crawling corpses
  A fungus (Lair:5)
  9 plants
  A starspawn tentacle (Abyss:1)
3189 creatures vanquished.

Vanquished Creatures (collateral kills)
  2 greater mummies (Tomb:3)
  An Orb Guardian (Zot:5)
  2 ancient champions (Tomb:3)
  Ilsuiw (Shoals:4)
  A war gargoyle (Zig:13)
  A corrupter (Zig:15)
  4 bennus (Tomb:3)
  A black sun (Zig:15)
  3 merfolk javelineers (Shoals:4)
  2 mummy priests (Tomb:3)
  3 merfolk impalers (Shoals:4)
  An alligator snapping turtle (Shoals:4)
  A two-headed ogre (D:12)
  A death scarab (Tomb:3)
  A soul eater (Zig:15)
  2 skeletal warriors
  A sea snake (Shoals:4)
  A naga ritualist (Snake:4)
  A fire giant zombie (Tomb:3)
  5 fauns (Shoals:4)
  A manticore (Shoals:4)
  A frost giant zombie (Tomb:2)
  A black mamba (Snake:4)
  3 guardian mummies
  2 merfolk (Shoals:4)
  A snapping turtle (Shoals:4)
  A flying skull (Tomb:3)
  A fire dragon skeleton (Tomb:3)
  An ushabti (Tomb:2)
  A mummy (Tomb:3)
48 creatures vanquished.

Vanquished Creatures (others)
  2 deep elf master archers (Elf:3)
  An ancient champion (Tomb:2)
  A nagaraja (Zig:19)
  2 stone giants (Depths:1)
  A black draconian (Zig:17)
  A merfolk javelineer (Shoals:4)
  A hell beast (Zig:14)
  A vault guard (Vaults:5)
  A quicksilver dragon skeleton (Tomb:2)
  A naga warrior (Zig:19)
  6 centaur warriors
  A hell hog (Depths:4)
  3 satyrs
  9 death scarabs
  An orc high priest (Elf:1)
  6 naga sharpshooters
  A deep elf knight (Elf:2)
  2 skeletal warriors (Tomb:2)
  A deep troll (Depths:3)
  A shadow demon (Zig:15)
  A phantasmal warrior (Vaults:5)
  3 deep elf archers
  A necromancer (Zot:4)
  A mana viper (Snake:4)
  2 deep elf magi
  2 fauns
  7 cyclopes
  A moth of wrath (Zot:5)
  A salamander (Snake:3)
  A naga mage (Zig:6)
  A black mamba (Zig:19)
  An apocalypse crab (WizLab)
  9 yaktaurs
  2 wind drakes (WizLab)
  A saltling (Desolation)
  4 flying skulls (Tomb:3)
  A water elemental (Elf:1)
  A naga (Snake:1)
  A warg (Elf:1)
  An ogre (Elf:1)
  7 centaurs
  2 mummies (Tomb:2)
  2 white imps (IceCv)
  3 ufetubi (IceCv)
  6 orcs
  9 fungi
  28 plants
  A starspawn tentacle (Abyss:1)
143 creatures vanquished.

Grand Total: 3380 creatures vanquished

Notes
Turn   | Place    | Note
-------+----------+-------------------------------------------
     0 | D:1      | Ijustatesigmund the Hill Orc Fighter began the quest for the Orb.
     0 | D:1      | Reached XP level 1. HP: 19/19 MP: 1/1
   246 | D:1      | Reached XP level 2. HP: 26/26 MP: 2/2
   710 | D:2      | Reached XP level 3. HP: 27/31 MP: 3/3
   770 | D:2      | Reached skill level 5 in Axes
  1101 | D:2      | Reached XP level 4. HP: 35/39 MP: 4/4
  1154 | D:2      | Noticed Robin
  1167 | D:2      | Killed Robin
  1692 | D:3      | Found a faded altar of an unknown god.
  1789 | D:3      | Found a shattered altar of Ashenzari.
  1815 | D:3      | Reached XP level 5. HP: 38/45 MP: 5/5
  2068 | D:3      | Found a bloodstained altar of Trog.
  2418 | D:4      | Got a scintillating bone ring
  2419 | D:4      | Identified the ring of Winter {rPois rN+ Int+4 Dex-5 Stlth+} (You found it on level 4 of the Dungeon)
  2820 | D:4      | Noticed Sigmund
  2832 | D:4      | Killed Sigmund
  2832 | D:4      | Reached skill level 5 in Fighting
  2832 | D:4      | Reached XP level 6. HP: 52/56 MP: 6/6
  2855 | D:4      | Reached XP level 7. HP: 49/62 MP: 7/7
  3247 | D:4      | Found an ancient bone altar of Kikubaaqudgha.
  3588 | D:5      | Entered Level 5 of the Dungeon
  3645 | D:5      | Found a burning altar of Makhleb.
  4894 | D:5      | Reached XP level 8. HP: 66/71 MP: 8/8
  5005 | D:5      | Reached skill level 5 in Armour
  5700 | D:6      | Reached skill level 10 in Axes
  5772 | D:6      | Reached XP level 9. HP: 57/81 MP: 9/9
  5914 | D:6      | Found a staircase to the Ecumenical Temple.
  5923 | Temple   | Entered the Ecumenical Temple
  5958 | Temple   | Became a worshipper of the Shining One
  6294 | D:6      | Found a glowing silver altar of Zin.
  6295 | D:6      | Found an opulent altar of Gozag.
  6447 | D:6      | Found a hide-covered altar of Uskayaw.
  6447 | D:6      | Noticed a hand axe
  6448 | D:6      | Noticed a dagger
  6689 | D:7      | Found an ornate altar of the Wu Jian Council.
  6741 | D:7      | Noticed Azzok's ghost (novice MiBe)
  7062 | D:7      | Reached skill level 1 in Invocations
  7155 | D:7      | Killed Azzok's ghost
  7606 | D:8      | Found a sparkling altar of Nemelex Xobeh.
  7681 | D:8      | Reached XP level 10. HP: 74/90 MP: 15/15
  7729 | D:8      | Reached * piety under the Shining One
  8180 | D:9      | Noticed a two-headed ogre
  8189 | D:9      | Killed a two-headed ogre
  9020 | D:9      | Reached skill level 10 in Fighting
  9053 | D:9      | Reached ** piety under the Shining One
  9142 | D:9      | Found a staircase to the Lair.
  9152 | D:9      | Reached skill level 1 in Dodging
  9379 | D:10     | Entered Level 10 of the Dungeon
  9739 | D:10     | Noticed a two-headed ogre
  9748 | D:10     | Killed a two-headed ogre
  9748 | D:10     | Reached XP level 11. HP: 84/99 MP: 15/18
  9773 | D:10     | Gained mutation: Armour fits poorly on your strangely shaped body. [potion of mutation]
  9773 | D:10     | Gained mutation: You passively map a small area around you. [potion of mutation]
  9773 | D:10     | Gained mutation: You passively map the area around you. [potion of mutation]
  9774 | D:10     | Lost mutation: Armour fits poorly on your strangely shaped body. [potion of mutation]
  9774 | D:10     | Lost mutation: You passively map the area around you. [potion of mutation]
  9774 | D:10     | Lost mutation: You passively map a small area around you. [potion of mutation]
  9774 | D:10     | Gained mutation: You have a somewhat thin skeletal structure. (Dex +2, Stealth) [potion of mutation]
  9774 | D:10     | Gained mutation: You are surrounded by a mild repulsion field. (EV +2) [potion of mutation]
  9803 | D:10     | Noticed Harold
  9819 | D:10     | Killed Harold
  9819 | D:10     | Reached skill level 5 in Dodging
 10524 | D:11     | Found a staircase to the Orcish Mines.
 10686 | D:11     | Reached skill level 5 in Shields
 10805 | D:11     | Reached *** piety under the Shining One
 10981 | D:11     | Found an iron altar of Okawaru.
 11072 | D:11     | Reached skill level 10 in Invocations
 11212 | D:11     | Noticed Maurice
 11224 | D:11     | Killed Maurice
 11306 | D:12     | Noticed Fannar
 11337 | D:11     | Killed Fannar
 11337 | D:11     | Reached XP level 12. HP: 51/108 MP: 19/19
 11595 | D:12     | Noticed a two-headed ogre
 11604 | D:12     | Killed a two-headed ogre
 11610 | D:12     | Noticed ThereIsNoGod's ghost (journeyman GnWn)
 11854 | D:13     | Noticed a centaur warrior
 11862 | D:13     | Noticed a centaur warrior
 11870 | D:13     | Killed a centaur warrior
 11871 | D:13     | Killed a centaur warrior
 11872 | D:13     | Noticed a vault guard
 11874 | D:13     | Noticed a two-headed ogre
 11882 | D:13     | Noticed a vault guard
 11888 | D:13     | Killed a two-headed ogre
 11889 | D:13     | Killed a vault guard
 11899 | D:13     | Noticed a vault guard
 11904 | D:13     | Killed a vault guard
 11925 | D:13     | Killed a vault guard
 12019 | D:13     | Noticed a centaur warrior
 12068 | D:13     | Found a gate to the Vaults.
 12080 | D:13     | Found a shattered altar of Ashenzari.
 12081 | D:13     | Noticed a vault guard
 12093 | D:13     | Killed a centaur warrior
 12093 | D:13     | Reached XP level 13. HP: 71/119 MP: 22/22
 12101 | D:13     | Reached **** piety under the Shining One
 12105 | D:13     | Killed a vault guard
 12453 | D:12     | Killed ThereIsNoGod's ghost
 13150 | Lair:1   | Entered Level 1 of the Lair of Beasts
 13200 | Lair:1   | Noticed Yarrr's ghost (journeyman MiFi)
 13582 | Lair:1   | Killed Yarrr's ghost
 14488 | Lair:2   | Noticed Nergalle
 14507 | Lair:2   | Killed Nergalle
 14674 | Lair:2   | Reached skill level 15 in Axes
 14905 | Lair:2   | Noticed Urug
 15416 | D:11     | Upgraded the game from 0.22-a0-479-gc6e99f3 to 0.22-a0-480-g991dd4b
 15613 | Lair:2   | Killed Urug
 15796 | Lair:2   | Got a transparent wooden ring
 15798 | Lair:2   | Identified the cursed ring of Vatari {rF+ rN+ EV-2 Str-5 SInv} (You found it on level 2 of the Lair of Beasts)
 15946 | Lair:2   | Got a warped hand axe
 15947 | Lair:2   | Identified the +10 hand axe "Fos Zoz" {drain, rF+} (You found it on level 2 of the Lair of Beasts)
 16419 | Lair:3   | Got a bronze chain mail
 16439 | Lair:2   | Identified the cursed +1 chain mail of Waxkedir {rPois rC- rN+} (You found it on level 3 of the Lair of Beasts)
 16578 | Lair:3   | Noticed Zorot's ghost (journeyman VSMo)
 16603 | Lair:3   | Killed Zorot's ghost
 16620 | Lair:3   | Found a staircase to the Snake Pit.
 17230 | Lair:4   | Found a staircase to the Shoals.
 17375 | Lair:4   | Reached XP level 14. HP: 129/129 MP: 24/24
 18111 | Orc:1    | Entered Level 1 of the Orcish Mines
 18268 | Orc:1    | Found a roughly hewn altar of Beogh.
 18611 | Orc:2    | Entered Level 2 of the Orcish Mines
 18611 | Orc:2    | Found Yclaulid's Magic Scroll Shop.
 18678 | Orc:2    | Bought a scroll of teleportation for 39 gold pieces
 18678 | Orc:2    | Bought a scroll of teleportation for 39 gold pieces
 18678 | Orc:2    | Bought 3 scrolls of enchant armour for 292 gold pieces
 18678 | Orc:2    | Bought a scroll of identify for 26 gold pieces
 18678 | Orc:2    | Bought a scroll of magic mapping for 45 gold pieces
 18792 | Orc:1    | Noticed an orc warlord
 18831 | Orc:1    | Killed an orc warlord
 18948 | Orc:1    | Noticed Erolcha
 19358 | Orc:1    | Killed Erolcha
 19373 | Orc:1    | Identified the Grimoire of Frigorific Flames
 19654 | Orc:2    | Found a staircase to the Elven Halls.
 19678 | Orc:2    | Found a roughly hewn altar of Beogh.
 19797 | Orc:2    | Found a roughly hewn altar of Beogh.
 19976 | Orc:2    | Found a roughly hewn altar of Beogh.
 19999 | Orc:2    | Found Kiurusua's Weapon Boutique.
 20038 | Orc:2    | Found a roughly hewn altar of Beogh.
 20064 | Orc:2    | Found a roughly hewn altar of Beogh.
 20065 | Orc:2    | Found Dorghyf's Magic Scroll Boutique.
 20136 | Orc:2    | Noticed an orc warlord
 20156 | Orc:2    | Killed an orc warlord
 20156 | Orc:2    | Reached skill level 15 in Invocations
 20480 | Orc:2    | Found Wisulev's Antique Weapon Emporium.
 20485 | Orc:2    | Found a roughly hewn altar of Beogh.
 20486 | Orc:2    | Found Sihuohats's Antique Armour Shoppe.
 20499 | Orc:2    | Bought a glowing plate armour for 650 gold pieces
 20793 | D:13     | Reached XP level 15. HP: 125/139 MP: 26/26
 21123 | D:14     | Reached skill level 15 in Fighting
 21123 | D:14     | Reached skill level 10 in Shields
 21509 | D:14     | Found a snail-covered altar of Cheibriados.
 21518 | D:14     | Noticed Louise
 21543 | D:14     | Killed Louise
 22602 | D:14     | Noticed a frost giant
 22622 | D:14     | Killed a frost giant
 22944 | D:14     | Found the cursed +13 scythe of Curses {drain, *Curse}
 22944 | D:14     | Found the +6 arbalest "Damnation" {damnation}
 23045 | D:15     | Entered Level 15 of the Dungeon
 23099 | D:15     | Reached ***** piety under the Shining One
 23598 | D:15     | Reached XP level 16. HP: 113/151 MP: 28/28
 23673 | D:15     | Learned a level 1 spell: Apportation
 23753 | D:15     | Reached skill level 1 in Translocations
 23802 | D:15     | Found a staircase to the Depths.
 24974 | Lair:5   | Found a staircase to the Slime Pits.
 24974 | Lair:5   | Found a viscous altar of Jiyva.
 25467 | Lair:6   | Entered Level 6 of the Lair of Beasts
 25884 | Lair:6   | Reached skill level 5 in Translocations
 26252 | Lair:6   | Reached XP level 17. HP: 152/160 MP: 29/29
 26587 | Snake:1  | Entered Level 1 of the Snake Pit
 28425 | Snake:3  | Noticed Bai Suzhen
 28987 | Snake:2  | Killed Bai Suzhen
 29818 | Snake:4  | Entered Level 4 of the Snake Pit
 29859 | Snake:3  | Reached XP level 18. HP: 66/170 MP: 21/31
 33000 | Snake:4  | Got a serpentine rune of Zot
 33480 | Vaults:1 | Entered Level 1 of the Vaults
 33755 | Vaults:1 | Reached XP level 19. HP: 179/179 MP: 32/32
 34154 | Vaults:1 | Found a shattered altar of Ashenzari.
 34448 | Vaults:1 | Got a warped hand axe
 34449 | Vaults:1 | Identified the cursed +2 hand axe "Weroj" {protect, rElec Int+2 Dex-3} (You found it on level 1 of the Vaults)
 34799 | Vaults:1 | Reached skill level 10 in Armour
 35713 | Vaults:2 | Reached ****** piety under the Shining One
 35812 | Vaults:2 | Found a hazy altar of Hepliaklqana.
 35911 | Vaults:2 | Noticed a Brimstone Fiend
 35926 | Vaults:2 | Noticed a Brimstone Fiend
 36033 | Vaults:2 | Found a staircase to the Crypt.
 36033 | Vaults:2 | Found an ancient bone altar of Kikubaaqudgha.
 36034 | Vaults:2 | Found a basalt altar of Yredelemnul.
 36180 | Vaults:2 | Paralysed by a great orb of eyes for 5 turns
 36330 | Vaults:2 | Paralysed by a sphinx for 2 turns
 36901 | Vaults:3 | Found a ruined gateway.
 36912 | Desolati | Entered the Desolation of Salt
 36966 | Desolati | Reached XP level 20. HP: 177/189 MP: 34/34
 36996 | Desolati | Identified a +7 broad axe of holy wrath (a +5 broad axe blessed by the Shining One)
 36996 | Desolati | Received a gift from the Shining One
 37044 | Desolati | Got a transparent shield
 37055 | Desolati | Identified the +4 shield "Hikhlez" {rElec rN+++ Str+4 Dex-4} (You found it in the Desolation of Salt)
 37120 | Desolati | Identified the +9 crystal plate armour of the Tired Suns {+Blink Str-5 Int+9} (You found it in the Desolation of Salt)
 37129 | Desolati | Identified the Handbook of Heat and Intoxication
 37137 | Desolati | Identified the ring "Umukiov" {+Fly rF++ rN+ Str+5} (You found it in the Desolation of Salt)
 37155 | Desolati | Got an ancient bronze ring
 37156 | Desolati | Identified the ring "Wiocirph" {rCorr Int+5} (You found it in the Desolation of Salt)
 37253 | Desolati | Reached skill level 1 in Evocations
 37534 | Desolati | Reached skill level 5 in Evocations
 37575 | Desolati | Identified the cursed +0 battleaxe of Guibiv {flame, -Tele rPois MR+ Int+4} (You found it in the Desolation of Salt)
 37709 | Desolati | Identified the Guide on Supportive Transformation
 38026 | Desolati | Identified the ring of the Oracle {*Tele +Fly rF+ Int+5 Dex+4} (You found it in the Desolation of Salt)
 39308 | Vaults:4 | Reached XP level 21. HP: 196/196 MP: 35/35
 40613 | Crypt:1  | Entered Level 1 of the Crypt
 40633 | Crypt:1  | Paralysed by a vampire knight for 3 turns
 40651 | Crypt:1  | Reached skill level 10 in Evocations
 40722 | Crypt:1  | Reached skill level 15 in Armour
 41003 | Crypt:1  | Paralysed by a vampire knight for 6 turns
 41650 | Crypt:2  | Paralysed by a vampire knight for 2 turns
 41856 | Crypt:3  | Entered Level 3 of the Crypt
 41916 | Crypt:3  | Reached skill level 10 in Dodging
 42036 | Crypt:3  | Noticed Khufu
 42036 | Crypt:3  | Noticed a greater mummy
 42047 | Crypt:3  | Killed Khufu
 42053 | Crypt:3  | Killed a greater mummy
 42053 | Crypt:3  | Reached XP level 22. HP: 149/204 MP: 29/36
 42226 | Crypt:3  | Found a staircase to the Tomb.
 42368 | Crypt:3  | Found the +3 Elemental Staff {rElec rF++ rC++ MR++ AC+5}
 42953 | Crypt:3  | Found an ancient bone altar of Kikubaaqudgha.
 43001 | Crypt:3  | Noticed an ancient lich
 43007 | Crypt:3  | Killed an ancient lich
 43126 | Crypt:3  | Learned a level 2 spell: Blink
 43635 | Tomb:1   | Entered Level 1 of the Tomb of the Ancients
 43759 | Tomb:1   | Paralysed by a sphinx for 2 turns
 43766 | Tomb:1   | Paralysed by a sphinx for 2 turns
 44136 | Tomb:1   | Noticed a greater mummy
 44149 | Tomb:1   | Killed a greater mummy
 45059 | Tomb:1   | Reached XP level 23. HP: 215/215 MP: 37/37
 45963 | Elf:1    | Entered Level 1 of the Elven Halls
 46198 | Elf:1    | Noticed Roxanne
 46221 | Elf:1    | Killed Roxanne
 46222 | Elf:1    | Identified Roxanne's Reference Book on Changing (You took it off Roxanne on level 1 of the Elven Halls)
 46967 | Elf:1    | Found a deep blue altar of Sif Muna.
 47365 | Elf:2    | Found Ifijiulu's Distillery.
 47377 | Elf:2    | Bought a potion of agility for 68 gold pieces
 47377 | Elf:2    | Bought 2 potions of heal wounds for 170 gold pieces
 47377 | Elf:2    | Bought a potion of might for 68 gold pieces
 47377 | Elf:2    | Bought 2 potions of haste for 340 gold pieces
 47377 | Elf:2    | Bought a potion of resistance for 170 gold pieces
 47377 | Elf:2    | Bought a potion of haste for 170 gold pieces
 47377 | Elf:2    | Bought a potion of might for 68 gold pieces
 47607 | Elf:2    | Found a runed gate.
 47607 | Elf:2    | Found a runed gate.
 47608 | Elf:2    | Found a runed gate.
 48096 | Elf:3    | Entered Level 3 of the Elven Halls
 48928 | Elf:3    | Got a twisted war axe {freeze}
 48935 | Elf:3    | Identified the cursed +2 war axe "Murmur" {freeze, +Inv Str+4 Int+2} (You took it off a deep elf mage on level 3 of the Elven Halls)
 49059 | Elf:3    | Identified the cursed +1 plate armour of the Old World {MR+ Int+3} (You found it on level 3 of the Elven Halls)
 49060 | Elf:3    | Identified the Disquisition on Floating Dark Rites
 49061 | Elf:3    | Found the +3 pair of gauntlets of War {Slay+5}
 49150 | Elf:3    | Found the +3 salamander hide armour {+Rage rF++}
 49281 | Elf:3    | Reached XP level 24. HP: 228/230 MP: 37/37
 49291 | Elf:3    | Got a faintly glowing broad axe {freeze}
 49292 | Elf:3    | Identified the cursed +0 broad axe "Huhifyon" {freeze, rElec rPois rN++ Dex-2} (You took it off a deep elf mage on level 3 of the Elven Halls)
 49774 | Shoals:1 | Entered Level 1 of the Shoals
 49906 | Shoals:2 | Noticed Polyphemus
 50022 | Shoals:2 | Noticed Verendum's ghost (adept FoGl)
 50039 | Shoals:2 | Found a frozen archway.
 50042 | IceCv    | Entered an ice cave
 50622 | IceCv    | Identified the Guide on the Glacier and the Escort
 51264 | Shoals:2 | Killed Verendum's ghost
 51324 | Shoals:4 | Entered Level 4 of the Shoals
 51327 | Shoals:4 | Found Temo's General Store.
 51347 | Shoals:4 | Bought a scroll of holy word for 150 gold pieces
 51347 | Shoals:4 | Bought a potion of curing for 60 gold pieces
 51491 | Shoals:4 | Noticed Ilsuiw
 51498 | Shoals:4 | Killed Ilsuiw
 51582 | Shoals:4 | Got a barnacled rune of Zot
 51635 | Shoals:4 | Found Ricium's Food Emporium.
 51662 | Shoals:4 | Identified Canesty's Disquisition on the Scorching Entourage
 51685 | Shoals:4 | Found Zugog's Distillery.
 51689 | Shoals:4 | Found Keosediu's Food Shop.
 51704 | Shoals:4 | Bought a potion of cancellation for 104 gold pieces
 51704 | Shoals:4 | Bought a potion of agility for 52 gold pieces
 51704 | Shoals:4 | Bought a potion of haste for 130 gold pieces
 51704 | Shoals:4 | Bought a potion of curing for 39 gold pieces
 51704 | Shoals:4 | Bought a potion of might for 52 gold pieces
 52174 | Shoals:2 | Killed Polyphemus
 52689 | Depths:1 | Entered Level 1 of the Depths
 52689 | Depths:1 | Noticed Thaneod's ghost (adept DsBe)
 52697 | Depths:1 | Killed Thaneod's ghost
 52806 | Depths:1 | Found a gateway to Hell.
 52813 | Depths:1 | Found a magical portal.
 52842 | WizLab   | Entered The Chambers of the Cloud Mage
 53103 | WizLab   | Reached skill level 15 in Shields
 54030 | WizLab   | Identified the ring of Ashenzari's Reproof {Str+6 Dex+5 Stlth-} (You found it in a wizard's laboratory)
 54040 | WizLab   | Identified the Handbook of Flight
 54907 | Depths:1 | Reached XP level 25. HP: 212/237 MP: 32/38
 54974 | Depths:1 | Found Lath's Food Emporium.
 54974 | Depths:1 | Found Jaychen's Distillery.
 54975 | Depths:1 | Found Muzxinn's Food Emporium.
 54979 | Depths:1 | Found Keredem's General Store.
 54985 | Depths:1 | Bought a scroll of identify for 40 gold pieces
 54985 | Depths:1 | Bought a scroll of identify for 40 gold pieces
 54990 | Depths:1 | Bought a potion of might for 48 gold pieces
 54990 | Depths:1 | Bought a potion of heal wounds for 60 gold pieces
 54990 | Depths:1 | Bought a potion of agility for 48 gold pieces
 54990 | Depths:1 | Bought a potion of curing for 36 gold pieces
 54990 | Depths:1 | Bought a potion of haste for 120 gold pieces
 54990 | Depths:1 | Bought a potion of curing for 36 gold pieces
 54990 | Depths:1 | Bought a potion of berserk rage for 60 gold pieces
 54990 | Depths:1 | Bought a potion of might for 48 gold pieces
 55657 | Depths:2 | Noticed Jorgrun
 55667 | Depths:2 | Killed Jorgrun
 56482 | Depths:2 | Identified the Tome of Feathers and Transformation
 56483 | Depths:2 | Got a smoking bronze ring
 56560 | Depths:2 | Identified the ring of Symmetry {*Contam +Fly MR++ Int+4} (You found it on level 2 of the Depths)
 56987 | Depths:3 | Found a gateway to a ziggurat.
 57146 | Depths:3 | Found a portal to a secret trove of treasure.
 57244 | Depths:3 | Noticed Boris
 57267 | Depths:3 | Killed Boris
 57707 | Depths:3 | Noticed Frederick
 57719 | Depths:3 | Killed Frederick
 57819 | Depths:3 | Found a one-way gate leading to the halls of Pandemonium.
 57893 | Depths:3 | Found a corrupted altar of Lugonu.
 57893 | Depths:3 | Found a one-way gate to the infinite horrors of the Abyss.
 58292 | Depths:4 | Identified a scroll of acquirement
 58324 | Depths:4 | Reached XP level 26. HP: 246/246 MP: 38/38
 58347 | Depths:4 | Voluntarily entered the Abyss.
 58656 | Abyss:1  | Paralysed by accursed screaming for 1 turns
 58844 | Depths:4 | Escaped the Abyss
 59225 | Depths:4 | Paralysed by a vampire knight for 4 turns
 59236 | Depths:4 | Paralysed by a floating eye for 3 turns
 59241 | Depths:4 | Paralysed by a floating eye for 3 turns
 59247 | Depths:4 | Paralysed by a floating eye for 2 turns
 60228 | Depths:5 | Entered Level 5 of the Depths
 60276 | Depths:5 | Reached skill level 15 in Dodging
 60288 | Depths:5 | Paralysed by a floating eye for 2 turns
 60368 | Depths:5 | Found a gate to the Realm of Zot.
 60369 | Depths:5 | Noticed Mennas
 60479 | Depths:5 | Killed Mennas
 61052 | Depths:5 | Found the +7 longbow "Piercer" {penet, EV-2}
 61425 | Depths:5 | Reached XP level 27. HP: 244/254 MP: 39/39
 61456 | Depths:5 | Noticed an ancient lich
 61471 | Depths:5 | Killed an ancient lich
 62432 | Vaults:5 | Entered Level 5 of the Vaults
 62740 | Vaults:5 | Identified the Volume of Mutagenic Enhancements
 62748 | Vaults:5 | Got a silver rune of Zot
 62796 | Vaults:5 | Identified the +8 war axe of the Five Ships {venom, rElec Dex+3} (You found it on level 5 of the Vaults)
 62806 | Vaults:5 | Identified the +4 pair of gloves of the Jolly Mice {rPois rF+ rC-} (You found it on level 5 of the Vaults)
 62949 | Vaults:5 | Identified the +5 broad axe "Yqyiv" {flame, +Blink +Fly rF- rN+} (You found it on level 5 of the Vaults)
 63842 | Vaults:5 | Identified the ring of Nalaotiho {rF+ rC+ rN+ Int+4} (You took it off a frost giant on level 5 of the Vaults)
 63874 | Vaults:5 | Identified the ring "Wexkergh" {Ice rN+} (You took it off a vault warden on level 5 of the Vaults)
 63878 | Vaults:5 | Found the +3 giant club "Skullcrusher" {speed, Str+7}
 64107 | Vaults:5 | Found the +4 dagger "Morg" {pain, MR+ Int+5}
 65507 | Tomb:2   | Noticed a greater mummy
 65509 | Tomb:2   | Noticed a greater mummy
 65510 | Tomb:2   | Noticed a greater mummy
 65510 | Tomb:2   | Noticed a greater mummy
 65523 | Tomb:2   | Killed a greater mummy
 65525 | Tomb:2   | Killed a greater mummy
 65527 | Tomb:2   | Killed a greater mummy
 65528 | Tomb:2   | Killed a greater mummy
 66295 | Tomb:2   | Noticed Boris
 66303 | Tomb:2   | Killed Boris
 67436 | Tomb:3   | Entered Level 3 of the Tomb of the Ancients
 67473 | Tomb:3   | Noticed a greater mummy
 67483 | Tomb:3   | Noticed a greater mummy
 67489 | Tomb:3   | Noticed a greater mummy
 67489 | Tomb:3   | Noticed a greater mummy
 67492 | Tomb:3   | Reached skill level 27 in Invocations
 67496 | Tomb:3   | Killed a greater mummy
 67499 | Tomb:3   | Killed a greater mummy
 67501 | Tomb:3   | Found the +8 Wrath of Trog {antimagic, *Rage}
 67539 | Tomb:3   | Killed a greater mummy
 67564 | Tomb:3   | Killed a greater mummy
 67748 | Tomb:3   | Identified the Papyrus of Earth and Transformation
 67752 | Tomb:3   | Noticed a greater mummy
 67763 | Tomb:3   | Killed a greater mummy
 68203 | Tomb:3   | Identified Cedas's Handbook of Cold and Evil
 68230 | Tomb:3   | Noticed a greater mummy
 68238 | Tomb:3   | Killed a greater mummy
 68291 | Tomb:3   | Noticed a greater mummy
 68300 | Tomb:3   | Noticed a greater mummy
 68301 | Tomb:3   | Killed a greater mummy
 68312 | Tomb:3   | Killed a greater mummy
 68387 | Tomb:3   | Noticed a greater mummy
 68394 | Tomb:3   | Killed a greater mummy
 68409 | Tomb:3   | Got a golden rune of Zot
 68465 | Tomb:3   | Found the colourful robe
 68545 | Tomb:3   | Identified the ring "Zygerata" {Int+4 SInv Stlth+} (You found it on level 3 of the Tomb of the Ancients)
 68578 | Zig:1    | Entered Level 1 of a ziggurat
 68600 | Zig:2    | Entered Level 2 of a ziggurat
 68635 | Zig:3    | Entered Level 3 of a ziggurat
 68824 | Zig:4    | Entered Level 4 of a ziggurat
 68858 | Zig:5    | Entered Level 5 of a ziggurat
 68876 | Zig:5    | Gained mutation: Potions are less effective at restoring your health. [a shining eye]
 69027 | Zig:6    | Entered Level 6 of a ziggurat
 69168 | Zig:7    | Entered Level 7 of a ziggurat
 69316 | Zig:7    | Got a wavering pewter ring
 69317 | Zig:7    | Identified the ring of Traps {+Inv rPois rC+} (You found it on level 7 of a ziggurat)
 69320 | Zig:7    | Identified the cursed +0 hat of Focus {*Contam +Blink Str+3 Int+2} (You found it on level 7 of a ziggurat)
 69326 | Zig:8    | Entered Level 8 of a ziggurat
 69332 | Zig:8    | Noticed a greater mummy
 69353 | Zig:8    | Killed a greater mummy
 69822 | Zig:8    | Lost mutation: Potions are less effective at restoring your health. [potion of mutation]
 69822 | Zig:8    | Lost mutation: You have a somewhat thin skeletal structure. (Dex +2, Stealth) [potion of mutation]
 69822 | Zig:8    | Gained mutation: You are agile. (Dex +2) [potion of mutation]
 69822 | Zig:8    | Gained mutation: You expend magic power (3 MP) to strengthen your wands. [potion of mutation]
 69822 | Zig:8    | Gained mutation: Your magical capacity is low. (-10% MP) [potion of mutation]
 69822 | Zig:8    | Gained mutation: Your movements are slightly less encumbered by armour. (ER -2) [potion of mutation]
 69828 | Zig:9    | Entered Level 9 of a ziggurat
 69880 | Zig:9    | Identified the Reference Book on Cold
 69938 | Zig:10   | Entered Level 10 of a ziggurat
 69946 | Zig:10   | Noticed an ancient lich
 69947 | Zig:10   | Noticed an ancient lich
 69955 | Zig:10   | Killed an ancient lich
 69959 | Zig:10   | Killed an ancient lich
 69988 | Zig:11   | Entered Level 11 of a ziggurat
 69992 | Zig:11   | Noticed Qolaid the pandemonium lord
 69994 | Zig:11   | Noticed Hazi the pandemonium lord
 69999 | Zig:11   | Noticed Zithac the pandemonium lord
 70004 | Zig:11   | Noticed Yhoqes the pandemonium lord
 70005 | Zig:11   | Killed Hazi the pandemonium lord
 70012 | Zig:11   | Killed Qolaid the pandemonium lord
 70017 | Zig:11   | Killed Zithac the pandemonium lord
 70019 | Zig:11   | Killed Yhoqes the pandemonium lord
 70316 | Zig:11   | Found the ring of the Octopus King
 70331 | Zig:11   | Identified a ring of the Octopus King {rC+ AC+1 EV+1 Str+1 Int+1 Dex+1} (You found it on level 11 of a ziggurat)
 70364 | Zig:12   | Entered Level 12 of a ziggurat
 70440 | Zig:12   | Identified the +5 hand axe of Attainder {chop, Int+4} (You found it on level 12 of a ziggurat)
 70442 | Zig:12   | Identified the cursed +0 steam dragon scales "Nustruiv" {rElec rPois Str+2 Slay-6} (You found it on level 12 of a ziggurat)
 70450 | Zig:12   | Got a smoking marble ring
 70457 | Zig:13   | Entered Level 13 of a ziggurat
 70507 | Zig:13   | Reached skill level 27 in Axes
 70598 | Zig:14   | Entered Level 14 of a ziggurat
 70604 | Zig:14   | Noticed Zier the pandemonium lord
 70621 | Zig:14   | Killed Zier the pandemonium lord
 70622 | Zig:14   | Gained mutation: You are frail. (-10% HP) [a cacodemon]
 70650 | Zig:14   | Identified the ring "Mikol" {-Tele +Fly Int+5 Dex+3 Stlth+} (You found it on level 12 of a ziggurat)
 70673 | Zig:14   | Identified the ring of Rirph {*Corrode rN+ Int+4 Stlth+} (You found it on level 14 of a ziggurat)
 70706 | Zig:15   | Entered Level 15 of a ziggurat
 70719 | Zig:15   | Reached skill level 27 in Fighting
 70722 | Zig:15   | Noticed Cav Cos the pandemonium lord
 70734 | Zig:15   | Killed Cav Cos the pandemonium lord
 70737 | Zig:15   | Reached skill level 10 in Translocations
 70750 | Zig:15   | Gained mutation: You are dopey. (Int -2) [a neqoxec]
 70778 | Zig:15   | Identified the ring "Sitoplog" {Fire +Blink Str+3} (You found it on level 15 of a ziggurat)
 70796 | Zig:15   | Identified Udeitan's Collected Works on Ensnaring Ice
 70806 | Zig:15   | Learned a level 3 spell: Lesser Beckoning
 70807 | Zig:16   | Entered Level 16 of a ziggurat
 70887 | Zig:16   | Got a twitching graven amulet
 70888 | Zig:16   | Identified the amulet "Diuc" {Gourm Stlth+} (You found it on level 16 of a ziggurat)
 70925 | Zig:17   | Entered Level 17 of a ziggurat
 70940 | Zig:17   | Found the +7 lajatang of Order {silver, rMut}
 71005 | Zig:17   | Lost mutation: You are frail. (-10% HP) [potion of mutation]
 71005 | Zig:17   | Lost mutation: You are dopey. (Int -2) [potion of mutation]
 71005 | Zig:17   | Lost mutation: You are surrounded by a mild repulsion field. (EV +2) [potion of mutation]
 71005 | Zig:17   | Gained mutation: Your muscles are strong. (Str +2) [potion of mutation]
 71005 | Zig:17   | Gained mutation: You have a somewhat thin skeletal structure. (Dex +2, Stealth) [potion of mutation]
 71021 | Zig:17   | Got a warped amber ring
 71022 | Zig:17   | Identified the cursed ring of Desertification {+Fly rElec AC-2} (You found it on level 17 of a ziggurat)
 71026 | Zig:17   | Got a smoking platinum amulet
 71027 | Zig:17   | Identified the amulet of the Firefly {Acrobat Dex+2} (You found it on level 17 of a ziggurat)
 71037 | Zig:17   | Identified the Compendium of Frigorific Poison
 71039 | Zig:17   | Identified the Collected Works on Venomous Heat
 71041 | Zig:17   | Identified the Incunabulum of Enchantment and the Compass
 71281 | Zig:18   | Entered Level 18 of a ziggurat
 71351 | Zig:18   | Identified the Disquisition on Intoxication and Translocation
 71567 | Zig:19   | Entered Level 19 of a ziggurat
 71577 | Zig:19   | Reached skill level 1 in Summonings
 71593 | Zig:19   | Reached skill level 5 in Summonings
 71627 | Zig:19   | Reached skill level 10 in Summonings
 72618 | Depths:3 | You paid a toll of a +7 demon whip to enter a treasure trove
 72619 | Trove    | Entered a treasure trove
 72654 | Trove    | Got a faintly glowing copper amulet
 72655 | Trove    | Identified the amulet "Tunafeun" {Faith Str+4 Int+3 Dex-4 SInv} (You found it in a treasure trove)
 72658 | Trove    | Got a shimmering pewter ring
 72660 | Trove    | Got a sparkling lapis lazuli ring
 72661 | Trove    | Identified the ring of Juxkutato {rElec MP+9} (You found it in a treasure trove)
 72663 | Trove    | Identified the ring "Zack" {rPois rC+ rN++ Str-5} (You found it in a treasure trove)
 72850 | Zot:1    | Entered Level 1 of the Realm of Zot
 72857 | Zot:1    | Learned a level 1 spell: Summon Butterflies
 72861 | Zot:1    | Learned a level 3 spell: Portal Projectile
 72895 | Zot:1    | Reached skill level 1 in Hexes
 73241 | Zot:1    | Reached skill level 5 in Spellcasting
 73337 | Zot:1    | Reached skill level 5 in Hexes
 73540 | Zot:2    | Found a transporter.
 73555 | Zot:2    | Reached skill level 1 in Throwing
 73607 | Zot:2    | Found a transporter.
 73613 | Zot:2    | Identified the ring of Saehauh {rPois Str+4} (You found it on level 2 of the Realm of Zot)
 73615 | Zot:2    | Identified the ring of the Evening {Ice rPois MR+ Dex-3} (You found it on level 2 of the Realm of Zot)
 73734 | Zot:2    | Reached skill level 5 in Throwing
 74278 | Zot:3    | Reached skill level 10 in Hexes
 75951 | Zot:4    | Noticed an ancient lich
 75957 | Zot:4    | Killed an ancient lich
 76002 | Zot:4    | Identified the Disquisition on Confrontation
 76448 | Zot:4    | Reached skill level 10 in Throwing
 77497 | Zot:5    | Entered Level 5 of the Realm of Zot
 77706 | Zot:5    | Noticed an orb of fire
 77719 | Zot:5    | Gained mutation: You occasionally shout uncontrollably at your foes. [an orb of fire]
 77735 | Zot:5    | Gained mutation: Armour fits poorly on your strangely shaped body. [an orb of fire]
 77736 | Zot:5    | Killed an orb of fire
 78188 | Zot:5    | Noticed an ancient lich
 78200 | Zot:5    | Killed an ancient lich
 78266 | Zot:5    | Noticed an ancient lich
 78273 | Zot:5    | Killed an ancient lich
 78521 | Zot:5    | Noticed an orb of fire
 78526 | Zot:5    | Lost mutation: Your muscles are strong. (Str +2) [an orb of fire]
 78529 | Zot:5    | Gained mutation: You are weak. (Str -2) [an orb of fire]
 78530 | Zot:5    | Killed an orb of fire
 78787 | Zot:5    | Reached skill level 15 in Hexes
 78938 | Zot:5    | Noticed an orb of fire
 78957 | Zot:5    | Gained mutation: You tend to lose your temper in combat. [an orb of fire]
 78959 | Zot:5    | Gained mutation: Scrolls take you a little longer to read. [an orb of fire]
 78962 | Zot:5    | Killed an orb of fire
 79482 | Zot:5    | Upgraded the game from 0.22-a0-480-g991dd4b to 0.22-a0-512-g0943f25
 79482 | Zot:5    | Lost mutation: You are weak. (Str -2) [potion of mutation]
 79482 | Zot:5    | Lost mutation: Your magical capacity is low. (-10% MP) [potion of mutation]
 79482 | Zot:5    | Lost mutation: You have a somewhat thin skeletal structure. (Dex +2, Stealth) [potion of mutation]
 79482 | Zot:5    | Gained mutation: You sometimes yell uncontrollably at your foes. [potion of mutation]
 79482 | Zot:5    | Lost mutation: You tend to lose your temper in combat. [potion of mutation]
 79482 | Zot:5    | Gained mutation: Your muscles are strong. (Str +2) [potion of mutation]
 79483 | Zot:5    | Lost mutation: You expend magic power (3 MP) to strengthen your wands. [potion of mutation]
 79483 | Zot:5    | Lost mutation: Scrolls take you a little longer to read. [potion of mutation]
 79483 | Zot:5    | Lost mutation: You are agile. (Dex +2) [potion of mutation]
 79483 | Zot:5    | Gained mutation: You have a pair of small horns on your head. [potion of mutation]
 79483 | Zot:5    | Gained mutation: You are somewhat resistant to further mutation. [potion of mutation]
 79516 | Zot:5    | Got the Orb of Zot
 79530 | Zot:5    | Noticed an ancient lich
 79539 | Zot:5    | Killed an ancient lich
 80117 | D:9      | Noticed Notag the pandemonium lord
 80130 | D:9      | Killed Notag the pandemonium lord
 80215 | D:5      | Noticed Duib Eja the pandemonium lord
 80355 | D:1      | Noticed Metann the pandemonium lord
 80370 | D:1      | Killed Metann the pandemonium lord
 80370 | D:1      | Reached skill level 15 in Throwing
 80426 | D:$      | Escaped with the Orb!

Vault maps used:
D:1:      dpeg_arrival_rooms_c, serial_co_window_serial, co_window_paths_a,
          co_window_paths_a, co_window_paths_a, co_window_cross_1,
          co_window_cross_1, co_window_2corner, co_window_2corner,
          co_window_of_opportunity_c, co_window_broadway_a, co_window_cross_4,
          co_window_corner_cb, co_window_cross_2, glass_columns_a,
          glass_columns_b
D:2:      minmay_misc_feat_hallway, uniq_robin
D:3:      old_standard_altar, first_ration, chequers_ecumenical_altar_island,
          trog_butcher_becter
D:4:      lemuel_zombie_altar_kikubaaqudgha, grunt_decor_one_mirror,
          uniq_sigmund
D:5:      lemuel_crystal_altar, kennysheep_cross_room
D:6:      grunt_temple_overflow_gold_and_silver, dancing_weapons_uskayaw,
          minmay_temple_entry_glass
D:7:      kennysheep_mini_moat
D:8:      nemelex_xobeh_ov_fountains_minmay
D:9:      erik_lair_orcish_takeover
D:10:     uniq_harold
D:11:     hiddenorc2_lemuel, minmay_misc_feat_cross, hangedman_stone_soup,
          okawaru_ov_weapons_minmay, uniq_maurice
D:12:     kennysheep_generic_room_7, uniq_fannar
D:13:     lightli_vaults_fourway_checkpoint, ashenzari_altar_1
D:14:     giant_chief_lemuel, special_room, cheibriados_altar_1,
          minmay_misc_feat_rugged, st_stairs_7, uniq_louise
D:15:     gammafunk_enter_depths_forms
Temple:   eino_temple_lava
Lair:1:   grunt_megastairs_4
Lair:2:   beast_lair_carwin_8, uniq_nergalle, uniq_urug
Lair:3:   minmay_snake_entry_guardpost_small
Lair:4:   cheibrodos_lair_river_kwai, elwin_shoals_entry_rocks,
          grunt_megastairs_3
Lair:5:   slime_altar_1, grunt_megastairs_5
Lair:6:   gammafunk_lair_ancient_temple, nicolae_lair_grove_arrangements,
          small_statue_intersection, minmay_lair_drake_nest
Shoals:2: portal_ice_cave_entry_ice_statue_two, uniq_polyphemus
Shoals:3: nicolae_shoals_loop_pool
Shoals:4: shoals_end_grunt_garden, shoal_ilsuiw, serial_shops, shop,
          nicolae_shop_temple_entry_statues_fountains, shop,
          nicolae_shop_waterfront
Snake:2:  guppyfry_library_mini
Snake:3:  uniq_bai_suzhen
Snake:4:  johnstein_snake_rune_scales, grunt_ministairs_6,
          hangedman_snake_thin_pillar_pass
Orc:1:    lemuel_ogre_cave, basic_altar
Orc:2:    grunt_orc_community_town_hall, grunt_orc_community_big_house_2,
          grunt_orc_community_big_house_1, grunt_orc_community_house_1,
          grunt_orc_community_house_2, grunt_orc_community_house_1,
          grunt_orc_community_house_3, grunt_orc_community_house_2,
          serial_shops, shop
Elf:1:    minmay_elf_arrival_plus, basic_altar, kennysheep_underground_church,
          lemuel_flamethrower_2, uniq_roxanne
Elf:2:    serial_shops, nicolae_shop_waterfront
Elf:3:    minmay_elf_hall_quartered_circle, nrook_mini_backslash, st_stairs_7
Vaults:1: vaults_room_boxed, v_misc_1, v_rooms_6, grunt_vaults_twisty,
          hangedman_vaults_nails, vaults_room_glass_cross,
          vaults_room_fancy_cross, v_rooms_5, basic_altar
Vaults:2: nicolae_vaults_big_angled_halls, hangedman_vaults_stagger,
          v_alt_pattern_3, ontoclasm_vaults_ligature,
          minmay_crypt_entry_necro_gods, vaults_standard_mumra_lines, v_misc_26,
          nicolae_vaults_rhombus_5, vaults_dpeg_diagonal, vaults_room_pools,
          vaults_room_fours, basic_altar
Vaults:3: v_misc_30, vaults_mumra_minichess, v_misc_19, v_rooms_6,
          hangedman_vaults_stream, nicolae_vaults_ring_of_whatevers,
          hangedman_vaults_restitches, portal_desolation_entry_ruin
Vaults:4: v_misc_26, nicolae_vaults_know_your_exits, hangedman_vaults_capsules,
          vaults_room_pool, v_misc_30, v_rooms_2, grunt_vaults_hallway_long,
          v_misc_16, ontoclasm_vaults_gateway, v_misc_17, serial_ice_g
Vaults:5: serial_shops
Crypt:1:  item_on_display_a
Crypt:3:  quadcrypt_mu, uniq_khufu
Tomb:2:   uniq_boris
Depths:1: lightli_enter_wizlab_magi_temple, minmay_misc_feat_five, hell_entry,
          nicolae_benzene_ring, water_boxes_lemuel, serial_bayou_shore_a,
          minmay_shoptagon
Depths:2: minmay_the_grid_octo_tiled_octocenter, hell_entry, dk_noncrumbling_3,
          infiniplex_staircase_star, serial_bayou_shore_b, uniq_jorgrun
Depths:3: grunt_deathspiral_small, enter_ziggurat_f, hell_entry,
          minmay_misc_feat_encased, pan_entry, abyss_entry_flame_altar,
          enter_trove_2, infiniplex_staircase_pillars_2, uniq_frederick,
          uniq_boris
Depths:4: minmay_crescents, abyss_entry, grunt_hell_horde, kennysheep_doodads,
          dispersion_dpeg, firewood_loft
Depths:5: hangedman_pleasuredromes, hell_entry, uniq_mennas
Zot:2:    gammafunk_its_a_trap, st_stairs_1
Zot:4:    lemuel_lich_library
Zig:1:    ziggurat_pillar_centre_c
Zig:6:    ziggurat_pillar_centre_dead_trees
Zig:7:    ziggurat_pillar_centre_oklobs
Trove:    trove_garden
IceCv:    ice_cave_caverns_02
WizLab:   wizlab_cloud

Skill      XL: |  1  2  3  4  5  6  7  8  9 10 11 12 13 14 15 16 17 18 19 20 21 22 23 24 25 26 27 |
---------------+----------------------------------------------------------------------------------+-----
Axes           | 3 4 5 6 7 8 9 10 12 14 15 16 17 18 19 20 21 23 27 | 27.0
Fighting       | 5 6 8 10 12 13 14 15 16 17 18 19 21 27 | 27.0
Armour         | 4 7 8 9 10 13 15 16 17 18 20 | 20.4
Invocations    | 7 9 10 12 13 15 16 17 18 19 21 22 23 24 27 | 27.0
Dodging        | 4 6 7 10 12 13 14 15 18 | 18.6
Shields        | 6 7 9 11 12 13 15 16 18 21 | 21.4
Translocations | 5 8 14 | 14.4
Evocations     | 8 10 | 10.3
Summonings     | 12 | 12.3
Spellcasting   | 6 |  6.0
Hexes          | 17 | 17.1
Throwing       | 15 | 15.1

Action                   |  1- 3 |  4- 6 |  7- 9 | 10-12 | 13-15 | 16-18 | 19-21 | 22-24 | 25-27 || total
-------------------------+-------+-------+-------+-------+-------+-------+-------+-------+-------++-------
Melee: War axe           |    98 |   122 |   507 |   587 |   321 |       |       |       |       ||  1635
       Morningstar       |       |       |       |       |    51 |     6 |       |       |       ||    57
       Broad axe         |       |       |       |       |   845 |  1426 |  1401 |  1776 |  3306 ||  8754
       Headbutt          |       |       |       |       |       |       |       |       |    35 ||    35
Throw: Javelin           |       |       |       |       |     4 |       |       |       |    18 ||    22
 Cast: Apportation       |       |       |       |       |       |       |     1 |       |     7 ||     8
       Lesser Beckoning  |       |       |       |       |       |       |       |       |     4 ||     4
       Portal Projectile |       |       |       |       |       |       |       |       |     1 ||     1
Invok: Divine Shield     |       |       |       |     6 |    17 |    12 |     8 |    19 |    36 ||    98
       Cleansing Flame   |       |       |       |       |     4 |    12 |    11 |    23 |    82 ||   132
       Summon Divine War |       |       |       |       |       |     1 |       |     2 |     9 ||    12
       Brand Weapon With |       |       |       |       |       |       |     1 |       |       ||     1
 Abil: Evoke Blink       |       |       |       |       |       |       |       |     6 |     6 ||    12
Evoke: Wand              |       |       |       |       |    10 |     4 |       |     2 |    17 ||    33
       Figurine of a zig |       |       |       |       |       |       |       |       |     1 ||     1
  Use: Scroll            |     8 |     2 |    10 |     8 |    20 |     8 |    13 |    18 |    66 ||   153
       Potion            |       |     2 |     1 |     5 |     5 |     1 |       |     8 |    57 ||    79
  Eat: Chunk             |       |     3 |     9 |     6 |     9 |     6 |    17 |    14 |    18 ||    82
       Ration            |       |     1 |     2 |     3 |     9 |     9 |     4 |    11 |    27 ||    66
Armor: Scale mail        |    52 |    18 |       |       |       |       |       |       |       ||    70
       Chain mail        |       |    16 |    22 |       |       |       |       |       |       ||    38
       Plate armour      |       |       |   279 |   246 |   235 |   173 |       |       |       ||   933
       Storm dragon scal |       |       |       |       |       |   133 |   168 |       |       ||   301
       Crystal plate arm |       |       |       |       |       |       |   312 |   602 |  1032 ||  1946
Dodge: Dodged            |    26 |    30 |    64 |    94 |   163 |   237 |   214 |   210 |   729 ||  1767
Block: Shield            |    52 |    53 |   206 |   467 |   455 |       |   720 |   446 |       ||  2399
       Reflection        |       |       |       |    53 |    54 |   187 |    58 |   191 |   165 ||   708
       Large shield      |       |       |       |       |   624 |  1801 |   609 |  1348 |  4550 ||  8932
       Other             |       |       |       |       |       |       |       |       |     1 ||     1

Table legend:
 A = Spawn XP
 B = Non-spawn XP
 C = Spawn XP percentage of total XP
 D = Spawn monster count
 E = Non-spawn monster count
 F = Spawn count percentage of total count
 G = Total turns spent on level
                    A         B        C        D         E        F      G
               +---------+---------+-------+---------+---------+-------+---------
         Total |   15231 | 2483557 |   0.6 |      28 |    3227 |   0.9 | 80426
               +---------+---------+-------+---------+---------+-------+---------
           D:1 |       0 |      31 |   0.0 |       0 |      15 |   0.0 |   824
           D:2 |       0 |      88 |   0.0 |       0 |      17 |   0.0 |   937
           D:3 |       0 |      93 |   0.0 |       0 |      25 |   0.0 |  1178
           D:4 |       0 |     616 |   0.0 |       0 |      27 |   0.0 |  1421
           D:5 |       0 |     981 |   0.0 |       0 |      23 |   0.0 |  1357
           D:6 |       0 |     825 |   0.0 |       0 |      21 |   0.0 |  1015
           D:7 |       0 |    1418 |   0.0 |       0 |      12 |   0.0 |   727
           D:8 |       0 |    1087 |   0.0 |       0 |      29 |   0.0 |   928
           D:9 |       0 |    3016 |   0.0 |       0 |      25 |   0.0 |  1628
          D:10 |       0 |    3679 |   0.0 |       0 |      27 |   0.0 |   997
          D:11 |       0 |    6615 |   0.0 |       0 |      65 |   0.0 |  1446
          D:12 |       0 |    3299 |   0.0 |       0 |      21 |   0.0 |   870
          D:13 |       0 |   18717 |   0.0 |       0 |      53 |   0.0 |  1383
          D:14 |       0 |   26767 |   0.0 |       0 |      62 |   0.0 |  2175
          D:15 |       0 |   33622 |   0.0 |       0 |      66 |   0.0 |  1603
        Lair:1 |       0 |    3268 |   0.0 |       0 |      12 |   0.0 |  2007
        Lair:2 |       0 |    8008 |   0.0 |       0 |      30 |   0.0 |  1289
        Lair:3 |       0 |    2667 |   0.0 |       0 |       9 |   0.0 |   953
        Lair:4 |       0 |    5490 |   0.0 |       0 |      20 |   0.0 |   881
        Lair:5 |       0 |    8614 |   0.0 |       0 |      35 |   0.0 |   725
        Lair:6 |       0 |   27074 |   0.0 |       0 |      76 |   0.0 |  1040
      Shoals:1 |       0 |   11305 |   0.0 |       0 |      18 |   0.0 |   260
      Shoals:2 |       0 |   20870 |   0.0 |       0 |      27 |   0.0 |   351
      Shoals:3 |       0 |    1582 |   0.0 |       0 |       5 |   0.0 |    28
      Shoals:4 |       0 |   37833 |   0.0 |       0 |      69 |   0.0 |   822
       Snake:1 |       0 |    7212 |   0.0 |       0 |      17 |   0.0 |   768
       Snake:2 |       0 |   29606 |   0.0 |       0 |      53 |   0.0 |  2001
       Snake:3 |       0 |   21361 |   0.0 |       0 |      43 |   0.0 |  1610
       Snake:4 |       0 |   61913 |   0.0 |       0 |     106 |   0.0 |  2314
         Orc:1 |       0 |   13410 |   0.0 |       0 |      71 |   0.0 |  1299
         Orc:2 |       0 |   13443 |   0.0 |       0 |      95 |   0.0 |  1283
         Elf:1 |       0 |   20370 |   0.0 |       0 |      35 |   0.0 |  1168
         Elf:2 |       0 |   50590 |   0.0 |       0 |      76 |   0.0 |  1001
         Elf:3 |       0 |   47909 |   0.0 |       0 |      61 |   0.0 |  1418
      Vaults:1 |       0 |   50328 |   0.0 |       0 |      87 |   0.0 |  1997
      Vaults:2 |       0 |   32680 |   0.0 |       0 |      58 |   0.0 |  1837
      Vaults:3 |       0 |   41681 |   0.0 |       0 |      62 |   0.0 |  1247
      Vaults:4 |       0 |   39763 |   0.0 |       0 |      53 |   0.0 |  1610
      Vaults:5 |       0 |  143464 |   0.0 |       0 |      99 |   0.0 |  1902
       Crypt:1 |       0 |   37371 |   0.0 |       0 |      51 |   0.0 |   889
       Crypt:2 |       0 |   20351 |   0.0 |       0 |      23 |   0.0 |   444
       Crypt:3 |       0 |   73550 |   0.0 |       0 |      83 |   0.0 |  2190
        Tomb:1 |       0 |   63663 |   0.0 |       0 |      75 |   0.0 |  3699
        Tomb:2 |       0 |   67114 |   0.0 |       0 |      73 |   0.0 |   971
        Tomb:3 |       0 |  105929 |   0.0 |       0 |     107 |   0.0 |  1458
      Depths:1 |       0 |   40791 |   0.0 |       0 |      48 |   0.0 |   925
      Depths:2 |       0 |   53005 |   0.0 |       0 |      67 |   0.0 |  1560
      Depths:3 |       0 |   67502 |   0.0 |       0 |      72 |   0.0 |  1512
      Depths:4 |       0 |   60657 |   0.0 |       0 |      59 |   0.0 |  1633
      Depths:5 |       0 |  131065 |   0.0 |       0 |      98 |   0.0 |  1903
         Zot:1 |       0 |   52751 |   0.0 |       0 |      36 |   0.0 |   719
         Zot:2 |       0 |   66342 |   0.0 |       0 |      37 |   0.0 |   569
         Zot:3 |       0 |   47526 |   0.0 |       0 |      26 |   0.0 |  1168
         Zot:4 |       0 |   81154 |   0.0 |       0 |      44 |   0.0 |  2273
         Zot:5 |       0 |  215470 |   0.0 |       0 |      71 |   0.0 |  2114
       Abyss:1 |   15231 |    6249 |  70.9 |      28 |      18 |  60.9 |   497
         Zig:1 |       0 |    1332 |   0.0 |       0 |       2 |   0.0 |    22
         Zig:2 |       0 |    5391 |   0.0 |       0 |       2 |   0.0 |    35
         Zig:3 |       0 |    2911 |   0.0 |       0 |       4 |   0.0 |   189
         Zig:4 |       0 |    6308 |   0.0 |       0 |       4 |   0.0 |    34
         Zig:5 |       0 |    5977 |   0.0 |       0 |       6 |   0.0 |   169
         Zig:6 |       0 |    7978 |   0.0 |       0 |      11 |   0.0 |   141
         Zig:7 |       0 |   15433 |   0.0 |       0 |      14 |   0.0 |   158
         Zig:8 |       0 |   13113 |   0.0 |       0 |      17 |   0.0 |   502
         Zig:9 |       0 |   14864 |   0.0 |       0 |      10 |   0.0 |   110
        Zig:10 |       0 |   28850 |   0.0 |       0 |      13 |   0.0 |    50
        Zig:11 |       0 |   31233 |   0.0 |       0 |      15 |   0.0 |   376
        Zig:12 |       0 |   15754 |   0.0 |       0 |      19 |   0.0 |    93
        Zig:13 |       0 |   18033 |   0.0 |       0 |      27 |   0.0 |   141
        Zig:14 |       0 |   38451 |   0.0 |       0 |      26 |   0.0 |   108
        Zig:15 |       0 |   39276 |   0.0 |       0 |      29 |   0.0 |   101
        Zig:16 |       0 |   35213 |   0.0 |       0 |      31 |   0.0 |   118
        Zig:17 |       0 |   40987 |   0.0 |       0 |      28 |   0.0 |   356
        Zig:18 |       0 |   45252 |   0.0 |       0 |      30 |   0.0 |   286
        Zig:19 |       0 |   44324 |   0.0 |       0 |      51 |   0.0 |    75
         IceCv |       0 |    8261 |   0.0 |       0 |      54 |   0.0 |  1202
        WizLab |       0 |   16980 |   0.0 |       0 |      31 |   0.0 |  1912
    Desolation |       0 |   55851 |   0.0 |       0 |     110 |   0.0 |  1251
               +---------+---------+-------+---------+---------+-------+---------
